Map: Kairos Junction LE

Players

Kanoya

  • Race: Terran Terran
  • League: Diamond
  • Spawn Location: 11:00

FLiqZ - Winner!

  • Race: Zerg Zerg
  • League: Diamond
  • Spawn Location: 5:00

VOD

Have the link to the VOD?

Description

Time

  • Played on: June 26, 2019, 5:51 a.m.
  • Length: 11:39
Show
View Real Time Build Order
Export as new Build Order

Kanoya Terran 

Build Orders:  

Get SALT Encoding   

  12  0:01  SCV  
  13  0:13  SCV  
  14  0:18  Supply Depot  
  14  0:26  SCV  
  14  0:28  Refinery  
  15  0:40  SCV  
  16  0:45  Barracks  
  16  0:52  SCV  
  17  1:04  SCV  
  18  1:16  SCV  
  19  1:28  SCV  
  20  1:33  Reaper  
  20  1:39  Command Center  
  21  1:46  Orbital Command  
  21  1:58  Factory  
  21  2:07  Supply Depot  
  21  2:08  Reaper  
  22  2:13  SCV  
  23  2:16  Refinery  
  23  2:28  SCV  
  24  2:41  Reaper, SCV  
  26  2:48  Hellion  
  25  2:51  Orbital Command  
  28  2:56  Barracks  
  28  2:59  Barracks  
  28  3:05  SCV  
  29  3:23  SCV  
  29  3:25  Factory Tech Lab  
  30  3:32  Command Center  
  28  3:53  Supply Depot  
  28  3:55  Supply Depot  
  27  3:56  SCV, Supply Depot  
  27  3:58  SCV  
  27  4:01  Siege Tank  
  32  4:03  Marine x2  
  32  4:09  Barracks Tech Lab  
  34  4:15  Starport  
  35  4:17  SCV  
  35  4:22  SCV  
  36  4:29  Stimpack, SCV  
  36  4:30  Barracks Tech Lab  
  37  4:34  SCV  
  37  4:36  Bunker  
  38  4:41  SCV  
  38  4:52  Orbital Command  
  38  4:57  Marine x3  
  38  4:59  Siege Tank  
  44  5:00  Liberator  
  44  5:14  Marine  
  44  5:15  Bunker, Marauder, SCV x2, Marine  
  44  5:19  SCV  
  54  5:28  Supply Depot  
  54  5:32  Marine, Combat Shield  
  54  5:35  Marauder  
  57  5:38  SCV  
  57  5:39  Engineering Bay  
  58  5:55  Engineering Bay  
  58  5:57  Marine  
  58  5:58  Marine x2  
  61  6:04  SCV x2  
  61  6:05  SCV  
  64  6:12  Terran Infantry Weapons Level 1  
  64  6:14  Starport Reactor  
  64  6:15  Siege Tank  
  64  6:17  Missile Turret  
  67  6:21  SCV x2  
  67  6:23  Terran Infantry Armor Level 1, Barracks  
  67  6:24  Barracks x2  
  69  6:26  Barracks  
  69  6:27  Refinery  
  69  6:28  Refinery  
  69  6:31  Supply Depot  
  69  6:37  Orbital Command  
  69  6:46  Marine x2  
  69  6:47  Marine  
  72  6:59  Armory  
  72  7:04  Medivac, Marine  
  72  7:06  Medivac  
  77  7:10  SCV x2  
  77  7:11  SCV  
  80  7:20  Marine  
  80  7:21  Marine  
  80  7:22  Marine  
  83  7:23  Marine x4, Armory  
  87  7:36  Missile Turret  
  87  7:38  Marine x2  
  87  7:39  Marine  
  79  7:53  Medivac x2  
  83  7:58  Starport  
  83  8:00  Marine x2  
  83  8:01  Marine x5  
  90  8:15  Terran Vehicle And Ship Armor Level 1  
  90  8:18  Marine x4  
  94  8:23  Medivac x2  
  94  8:24  Marine x2  
  94  8:25  Marine  
  101  8:39  Missile Turret, Refinery x2  
  101  8:41  Bunker  
  101  8:49  Marine x2  
  101  8:51  Marine x4  
  101  8:52  Marine  
  101  8:53  Viking x2  
  98  9:06  Marine x2  
  98  9:14  Marine x4  
  98  9:15  Marine  
  101  9:27  Thor  
  89  9:34  Orbital Command  
  89  9:35  Missile Turret  
  89  9:37  Missile Turret  
  84  9:53  Marine  
  84  9:54  Marine x6  
  89  10:10  Siege Tank  
  89  10:11  Marine  
  89  10:12  Marauder, Marine x5  
  68  10:29  Marine x4  
  68  10:30  Missile Turret  
  61  10:42  Siege Tank  
  36  10:57  Marine  
Show
View Real Time Build Order
Export as new Build Order

FLiqZ Zerg - Winner!

Build Orders: Hatch First, Muta Ling Bane 

Get SALT Encoding   

  12  0:01  Drone  
  13  0:12  Overlord  
  13  0:17  Drone  
  14  0:30  Drone x2  
  16  0:49  Hatchery  
  15  0:52  Drone  
  15  0:55  Drone  
  17  0:59  Drone  
  18  1:09  Extractor  
  17  1:15  Spawning Pool  
  17  1:17  Drone  
  17  1:21  Drone  
  18  1:27  Drone  
  19  1:39  Overlord  
  19  1:51  Drone  
  20  2:01  Queen x2  
  20  2:02  Zergling x4  
  26  2:09  Metabolic Boost  
  26  2:10  Drone  
  26  2:13  Drone  
  28  2:22  Drone  
  29  2:24  Overlord  
  29  2:32  Drone  
  29  2:33  Drone  
  31  2:48  Overlord  
  31  2:49  Drone  
  32  2:54  Drone  
  32  2:56  Drone  
  32  2:57  Queen x2  
  38  3:03  Baneling Nest  
  37  3:05  Drone  
  37  3:06  Drone  
  37  3:09  Drone  
  37  3:10  Drone  
  37  3:12  Zergling x2  
  42  3:20  Zergling x2  
  42  3:21  Zergling x6  
  42  3:24  Drone  
  47  3:31  Zergling x2  
  48  3:47  Zergling x2  
  48  3:48  Zergling x4  
  51  3:59  Zergling x2  
  52  4:02  Overlord  
  52  4:03  Overlord  
  52  4:13  Baneling  
  52  4:14  Baneling  
  52  4:15  Baneling  
  52  4:19  Hatchery  
  51  4:25  Overlord x2  
  51  4:26  Drone x5  
  56  4:36  Evolution Chamber  
  56  4:37  Drone x2  
  56  4:38  Drone x2  
  57  4:39  Evolution Chamber, Roach Warren  
  55  4:48  Baneling x2  
  53  4:56  Baneling  
  52  5:07  Drone x3  
  54  5:09  Extractor  
  54  5:10  Extractor  
  53  5:18  Drone x3  
  56  5:36  Baneling x5  
  56  5:37  Zergling x2  
  56  5:38  Zergling x16  
  65  5:49  Lair  
  65  6:03  Baneling  
  65  6:04  Baneling x4  
  65  6:07  Baneling  
  65  6:26  Zerg Melee Weapons Level 1  
  65  6:28  Drone  
  65  6:29  Drone x14  
  80  6:39  Drone x2, Extractor  
  82  6:40  Drone  
  82  6:42  Overlord  
  82  6:43  Overlord x8  
  82  6:53  Spire, Drone  
  82  7:04  Drone  
  82  7:05  Drone  
  84  7:09  Extractor  
  84  7:10  Drone x5, Extractor  
  84  7:11  Drone x2  
  89  7:18  Drone x2, Hatchery  
  89  7:19  Drone x3  
  93  7:23  Zerg Ground Armor Level 1  
  93  7:36  Spore Crawler  
  92  7:42  Spore Crawler  
  84  7:52  Spore Crawler  
  84  7:53  Overseer  
  83  8:06  Queen x2  
  83  8:07  Queen  
  83  8:10  Glial Reconstitution  
  83  8:12  Centrifical Hooks  
  89  8:14  Zergling x8  
  89  8:15  Zergling x36  
  89  8:19  Zerg Flyer Weapons Level 1  
  111  8:26  Mutalisk  
  111  8:27  Mutalisk x4  
  121  8:54  Mutalisk  
  121  8:55  Mutalisk x6  
  106  9:18  Overlord  
  106  9:21  Spine Crawler  
  106  9:22  Spine Crawler  
  93  9:53  Zergling x2  
  93  9:54  Zergling x32  
  110  10:01  Mutalisk x5  
  117  10:15  Corruptor, Hatchery  
  117  10:16  Corruptor x4  
  124  10:33  Baneling  
  124  10:34  Baneling x8  
  124  10:35  Baneling  
  121  10:41  Baneling x2  
  121  10:42  Baneling  
  102  11:00  Zergling x12  
  102  11:01  Zergling x8  
  104  11:13  Mutalisk x2  
  108  11:22  Infestation Pit  
Tags
 
Add a new tag
Caveats
  • Supply blocks, unpowered buildings, or Contaminate may cause inaccurate times.
  • Supply counts are checked every 10 seconds.